 Dungeon Crawl Stone Soup version 0.29.1-15-g9cfb28693d (webtiles) character file.

Game seed: 5589073197938663982

60 javelincjr the Magician (level 3, -9/24 (26) HPs)
             Began as a Demonspawn Hedge Wizard on Apr 7, 2023.
             Was a Follower of Fedhas.
             Killed by divine providence
             ... invoked by an orc priest
              (11 damage)
             ... on level 2 of the Dungeon.
             The game lasted 00:04:13 (1826 turns).

javelincjr the Magician (Demonspawn Hedge Wizard)   Turns: 1826, Time: 00:04:13

HP:   -9/24 (26)    AC:  2    Str: 12    XL:     3   Next: 82%
MP:   1/7           EV: 12    Int: 15    God:    Fedhas [*.....]
Gold: 172           SH:  0    Dex: 12    Spells: 3/8 levels left

rFire   . . .      SeeInvis .   a - +0 dagger
rCold   . . .      Faith    .   (no shield)
rNeg    . . .      Spirit   .   b - +0 robe
rPois   .          Reflect  .   c - +0 hat
rElec   .          Harm     .   (no cloak)
rCorr   .          Rampage  .   (no gloves)
Will    .....                   (no boots)
Stlth   ++........              (no amulet)
HPRegen 0.08/turn               (no ring)
MPRegen 0.10/turn               (no ring)

@: drained
A: foul stench 1, demonic magic 1
a: Renounce Religion


You were on level 2 of the Dungeon.
You worshipped Fedhas.
Fedhas was aware of your devotion.
You visited 1 branch of the dungeon, and saw 2 of its levels.

You collected 172 gold pieces.

Inventory:

Hand Weapons
 a - a +0 dagger (weapon)
Armour
 b - a +0 robe (worn)
 c - a +0 hat (worn)
Jewellery
 h - a ring of protection from fire
Scrolls
 f - 2 scrolls of immolation {unknown}
 g - 2 scrolls of teleportation {unknown}
 j - a scroll of butterflies {unknown}
Potions
 d - a potion of magic
 e - a potion of heal wounds {unknown}
 i - a potion of mutation {unknown}
 k - a potion of curing {unknown}


   Skills:
 * Level 1.3 Fighting
 + Level 0.8 Armour
 + Level 2.0 Dodging
 - Level 1.7 Stealth
 * Level 3.4 Spellcasting
 + Level 1.4 Conjurations
 + Level 1.3 Summonings
 + Level 1.3 Translocations


You had 3 spell levels left.
You knew the following spells:

 Your Spells              Type           Power      Damage    Failure   Level
a - Magic Dart            Conj           24%        1d4       11%         1
b - Blink                 Tloc           12%        N/A       17%         2
c - Call Imp              Summ           6%         N/A       17%         2

Your spell library contained the following spells:

 Spells                   Type           Power      Damage    Failure   Level
 Slow                     Hex            8%         N/A       19%         1
 Conjure Flame            Conj/Fire      4%         6-21      41%         3
 Mephitic Cloud           Conj/Pois/Air  4%         N/A       43%         3
 Ignite Poison            Fire/Tmut/Pois 2%         N/A       50%         3
 Sticky Flame             Conj/Fire      4%         2d3       82%         4


Dungeon Overview and Level Annotations

Branches:
Dungeon (2/15)

Altars:
Fedhas


Innate Abilities, Weirdness & Mutations

You may rarely emit foul miasma when damaged in melee.
Spells you cast may paralyse adjacent enemies.


Message History

The magic dart hits something.
Malevolent energies surge around you. Something hits you.
* * * LOW HITPOINT WARNING * * *
You feel drained.
Casting: Magic Dart (safe; 11% risk of failure)
Confirm with . or Enter, or press ? or * to list all spells.
Aiming: Magic Dart (safe; 11% risk of failure)
Press: ? - help, Shift-Dir - straight line, f/p - orc
Aim: an orc, wielding a +0 mace (almost dead, 100% to hit)
The magic dart hits something.
Malevolent energies surge around you.
The orc priest calls upon Beogh to heal the orc.
The orc is healed somewhat.
Something hits you.
* * * LOW HITPOINT WARNING * * *
You feel drained.
Casting: Magic Dart (safe; 11% risk of failure)
Confirm with . or Enter, or press ? or * to list all spells.
Aiming: Magic Dart (safe; 11% risk of failure)
Press: ? - help, Shift-Dir - straight line, f/p - orc
Aim: an orc, wielding a +0 mace (lightly wounded, 100% to hit)
The magic dart hits something.
Malevolent energies surge around you.
The orc priest calls upon Beogh to heal the orc.
The orc's wounds heal themselves!
Casting: Magic Dart (safe; 11% risk of failure)
Confirm with . or Enter, or press ? or * to list all spells.
Aiming: Magic Dart (safe; 11% risk of failure)
Press: ? - help, Shift-Dir - straight line, f/p - orc
Aim: an orc, wielding a +0 mace (100% to hit)
The magic dart hits something.
Malevolent energies surge around you.
Casting: Magic Dart (safe; 11% risk of failure)
Confirm with . or Enter, or press ? or * to list all spells.
Aiming: Magic Dart (safe; 11% risk of failure)
Press: ? - help, Shift-Dir - straight line, f/p - orc
Aim: an orc, wielding a +0 mace (100% to hit)
The magic dart hits something.
Malevolent energies surge around you.
The orc priest invokes the aid of Beogh against you.
Something writhes in agony.
The orc priest mumbles some strange prayers to Beogh against you.
Beogh smites you!
You die...
Fedhas appreciates your contribution to the ecosystem.

########### #..........
#######################..........
................@...)oo..........
####.#################...........
#.# #........... #.# #...........
#.# #........... #.# #...........
#.# #........... #.# #...........
####.#.###############.##########


You could see an orc priest and an orc.

Vanquished Creatures
  An orc priest (D:2)
  A dart slug (D:1)
  An orc (D:2)
  3 endoplasms
  2 giant cockroaches (D:2)
  3 goblins (D:1)
  3 hobgoblins
  2 kobolds (D:1)
  2 quokkas (D:2)
  6 bats
  A frilled lizard (D:2)
  A rat (D:1)
26 creatures vanquished.

Notes
Turn   | Place    | Note
-------+----------+-------------------------------------------
     0 | D:1      | javelincjr the Demonspawn Hedge Wizard began the quest for
                  | the Orb.
     0 | D:1      | Reached XP level 1. HP: 13/13 MP: 4/4
    65 | D:1      | Reached skill level 1 in Translocations
   431 | D:1      | Gained mutation: You may rarely emit foul miasma when
                  | damaged in melee. [demonic ancestry]
   431 | D:1      | Reached XP level 2. HP: 20/20 MP: 0/6
  1062 | D:2      | Learned a level 2 spell: Blink
  1065 | D:2      | Learned a level 2 spell: Call Imp
  1292 | D:2      | Reached skill level 1 in Fighting
  1395 | D:2      | Found a faded altar of an unknown god.
  1403 | D:2      | Prayed at the altar of an unknown god.
  1403 | D:2      | Became a worshipper of Fedhas Madash
  1403 | D:2      | Reached * piety under Fedhas
  1661 | D:2      | Gained mutation: Spells you cast may paralyse adjacent
                  | enemies. [demonic ancestry]
  1661 | D:2      | Reached XP level 3. HP: 26/26 MP: 3/7
  1819 | D:2      | HP: 1/25 [something (1)]
  1826 | D:2      | Killed from afar by an orc priest

Illustrated notes

Levels and vault maps discovered:
D:1:      heliophobic_arrival_enchanted_forest, layout_loops_ring
D:2:      layout_basic, hellmonk_ecumenical_altar_zigzags, dk_vineyard_1,
          chequers_serial_rivers_micro_b

Skill      XL: |  1  2  3 |
---------------+----------+-----
Translocations | 1 |  1.3
Fighting       | 1 |  1.3
Dodging        | 2 |  2.0
Armour         | |  0.8
Stealth        | |  1.7
Spellcasting   | |  3.4
Conjurations   | |  1.4
Summonings     | |  1.3

Action                   || total
-------------------------++-------
Melee: Dagger            ||    43
 Cast: Magic Dart        ||    64
 Stab: Sleeping          ||     1
Armor: Robe              ||     9
Dodge: Dodged            ||    26
